 Dungeon Crawl Stone Soup version 0.23.2-1-ga50397a (webtiles) character file.

Game seed: 17557364635064901132

119 Kahibar the Skirmisher (level 5, -3/47 HPs)
             Began as a Hill Orc Fighter on May 15, 2019.
             Killed by nerve-wracking pain
             ... invoked by Grinder
              (6 damage)
             ... while paralysed by Grinder
             ... on level 3 of the Dungeon.
             The game lasted 00:16:27 (2391 turns).

Kahibar the Skirmisher (Hill Orc Fighter)           Turns: 2391, Time: 00:16:28

Health: -3/47      AC:  9    Str: 19    XL:     5   Next: 3%
Magic:  5/5        EV:  2    Int:  8    God:
Gold:   224        SH:  0    Dex: 11    Spells: 4/4 levels left

rFire    . . .     SeeInvis .   a - +0 war axe
rCold    . . .     Gourm    .   c - +0 shield
rNeg     . . .     Faith    .   r - +0 chain mail
rPois    .         Spirit   .   (no helmet)
rElec    .         Reflect  .   (no cloak)
rCorr    .         Harm     .   (no gloves)
MR       .....                  (no boots)
Stlth    ..........             (no amulet)
HPRegen  0.15/turn              (no ring)
MPRegen  0.09/turn              (no ring)

@: paralysed
A: no striking features
a: no special abilities


You were on level 3 of the Dungeon.
You were not hungry.

You visited 1 branch of the dungeon, and saw 3 of its levels.

You collected 224 gold pieces.

Inventory:

Hand Weapons
 a - a +0 war axe (weapon)
 e - a +0 hand axe
 j - a +0 hand axe
 l - a +0 hand axe
Missiles
 i - 93 stones (quivered)
 s - 21 sling bullets
Armour
 c - a +0 shield (worn)
 r - a +0 chain mail (worn)
Jewellery
 h - an uncursed amulet of the gourmand {unknown}
Scrolls
 g - 2 scrolls of identify {unknown}
 m - a scroll of noise {unknown}
Potions
 b - a potion of agility {unknown}
 d - a potion of might
 k - a potion of curing {unknown}
 n - a potion of lignification {unknown}
 p - a potion of heal wounds {unknown}
 q - a potion of cancellation {unknown}
Comestibles
 f - 4 rations
 o - a chunk of flesh


   Skills:
 + Level 4.8 Fighting
 + Level 3.7 Axes
 + Level 4.1 Armour
 + Level 0.2 Dodging
 + Level 0.2 Stealth
 + Level 3.9 Shields


You had 4 spell levels left.
You didn't know any spells.
Your spell library was empty.

Dungeon Overview and Level Annotations

Branches:
Dungeon (3/15)

Altars:
Vehumet

Annotations:
D:3 Grinder


Message History

Grinder hits you but does no damage. Grinder hits you.
You slash Grinder!
Grinder is heavily wounded.
Grinder hits you.
You writhe in agony.
* * * LOW HITPOINT WARNING * * *
Your chain mail prevents you from hitting Grinder.
Grinder is heavily wounded.
Grinder hits you.
* * * LOW HITPOINT WARNING * * *
You writhe in agony.
* * * LOW HITPOINT WARNING * * *
Grinder hits you.
* * * LOW HITPOINT WARNING * * *
You writhe in agony.
* * * LOW HITPOINT WARNING * * *
Grinder gestures at you.
You suddenly lose the ability to move!
Grinder gestures at you. Pain shoots through your body!
You die...

.# #..... .# ##..... ##.#
#...... ######..## .......
#........ #..... .......#
#.....##### #......##
#....#
#.......############..$.#
#...............@5......#
#.......###########.....#
..............รท.........#
#..#.###############....#
#.##.## #....# ......#
#....# ....#.## ######
....#..# ....##.#


You could see Grinder.

Vanquished Creatures
  Jessica (D:3)
  3 adders
  A worm (D:3)
  3 dart slugs (D:2)
  2 leopard geckos
  5 orcs (D:3)
  4 giant cockroaches
  5 goblins
  2 hobgoblins
  4 jackals (D:3)
  5 kobolds
  2 quokkas
  9 bats
  A frilled lizard (D:2)
  4 rats
51 creatures vanquished.

Vanquished Creatures (others)
  A hobgoblin (D:3)
1 creature vanquished.

Grand Total: 52 creatures vanquished

Notes
Turn   | Place    | Note
-------+----------+-------------------------------------------
     0 | D:1      | Kahibar the Hill Orc Fighter began the quest for the Orb.
     0 | D:1      | Reached XP level 1. HP: 19/19 MP: 1/1
   742 | D:1      | Reached XP level 2. HP: 26/27 MP: 2/2
  1142 | D:2      | Reached XP level 3. HP: 33/33 MP: 3/3
  1186 | D:2      | Found a faded altar of an unknown god.
  1898 | D:3      | Reached XP level 4. HP: 40/40 MP: 4/4
  2164 | D:3      | Noticed Jessica
  2181 | D:3      | Killed Jessica
  2181 | D:3      | Reached XP level 5. HP: 35/47 MP: 5/5
  2277 | D:3      | Found a radiant altar of Vehumet.
  2371 | D:3      | Noticed Grinder
  2384 | D:3      | HP: 2/47 [Grinder (4)]
  2389 | D:3      | Paralysed by Grinder for 5 turns
  2391 | D:3      | Killed from afar by Grinder

Skill      XL: |  1  2  3 |
---------------+----------+-----
Fighting       | 4 |  4.8
Axes           | 3 |  3.7
Armour         | 4 |  4.1
Dodging        | |  0.2
Stealth        | |  0.2
Shields        | |  3.9

Action                   |  1- 3 |  4- 6 || total
-------------------------+-------+-------++-------
Melee: War axe           |    80 |    76 ||   156
  Eat: Chunk             |     3 |     2 ||     5
Armor: Scale mail        |    50 |    27 ||    77
       Chain mail        |       |    27 ||    27
Dodge: Dodged            |    24 |    26 ||    50
Block: Shield            |    58 |    45 ||   103
